Blackdemons vs Carnivores
(R2)
Created - 10 décembre 2013 at 19:07
Goals
|
| Blackdemons |
3 |
2 |
1 |
6 |
| Carnivores |
1 |
1 |
2 |
4 |
|
Shots
|
| Blackdemons |
12 |
8 |
8 |
28 |
| Carnivores |
6 |
13 |
12 |
31 |
|
1st period
1. Carnivores , Mikael Backlund 8 (Ian Schultz, Cal O'Reilly) at 12:07
2. Blackdemons , Sam Gagner 14 (Enver Lisin, Antoine Roussel) at 15:52 (PP)
3. Blackdemons , Enver Lisin 15 (Sam Gagner) at 16:39 (PP)
4. Blackdemons , Curtis Glencross 8 (Shawn Matthias, Jakub Kindl) at 18:57
Penalties :
Cal O'Reilly (Bre) for Cross-checking (Minor) at 8:08, Michael Kostka (MJM) for Interference (Minor) at 12:14, Keith Aulie (Bre) for Hooking (Minor) at 15:44, Chris Lawrence (Bre) for Holding (Minor) at 16:37
2nd period
5. Blackdemons , Enver Lisin 16 (Antoine Roussel, Michael Kostka) at 0:15
6. Carnivores , Matt Cullen 7 (Jeff Tambellini) at 7:44 (PP)
7. Blackdemons , Antoine Roussel 13 (Enver Lisin, Sam Gagner) at 14:33 (PP)
Penalties :
Frazer Mclaren (MJM) for Hooking (Minor) at 1:34, Curtis Glencross (MJM) for Holding (Minor) at 7:40, Ian Schultz (Bre) for Roughing (Minor) at 10:31, Matt Hunwick (MJM) for Holding (Minor) at 11:33, Billy Sweat (Bre) for Hooking (Minor) at 13:36, Keith Aulie (Bre) for High sticking (Minor) at 14:23, Keith Aulie (Bre) for Holding (Minor) at 16:36
3rd period
8. Carnivores , Cal O'Reilly 10 (Chris Butler) at 0:30
9. Blackdemons , Andrew MacDonald 4 (Sam Gagner) at 9:42 (PP)
10. Carnivores , David Schlemko 1 (Jeremy Welsh, Evgeny Grachev) at 19:01
Penalties :
Jeff Tambellini (Bre) for Hooking (Minor) at 9:20, Zach Boychuk (MJM) for Tripping (Minor) at 10:50, Steven Zalewski (MJM) for Tripping (Minor) at 15:33, Zach Boychuk (MJM) for Holding (Minor) at 19:21
Goalie Stats
Kevin Weekes (MJM), 27 saves from 31 shots - (0,871), W, 10-1-1, 60:00 minutes
Corey Crawford (Bre), 10 saves from 14 shots - (0,714), 20:15 minutes
Steve Mason (Bre), 12 saves from 14 shots - (0,857), L, 8-8-0, 39:45 minutes
Players Stats for Blackdemons
Player Name G A P +/- PIM S H SB GA TA FO MP PP MP PK MP
------------------------------------------------------------------------------------
Andrew MacDonald 1 0 1 -1 0 3 1 1 1 0 0/0 19:34 5:07 1:08
Antoine Roussel 1 2 3 1 0 3 2 0 0 0 1/1 20:51 4:38 2:50
Curtis Glencross 1 0 1 -1 2 3 4 1 0 0 4/6 21:28 3:40 5:12
Enver Lisin 2 2 4 1 0 6 2 0 0 0 2/3 20:30 4:38 2:29
Frazer Mclaren 0 0 0 -1 2 0 0 0 0 0 0/0 8:24 0:00 1:18
Jakub Kindl 0 1 1 0 0 1 0 0 0 2 0/0 21:13 0:00 4:09
Marc-André Cliche 0 0 0 0 0 0 0 0 0 0 0/2 9:10 0:00 0:00
Matt Calvert 0 0 0 -1 0 0 0 0 0 1 0/0 6:31 0:00 0:14
Matt Hunwick 0 0 0 -1 2 1 1 0 0 0 0/0 23:28 3:10 4:51
Michael Kostka 0 1 1 0 2 2 1 2 0 1 0/0 24:33 5:07 3:03
Mike Duco 0 0 0 0 0 0 3 0 0 0 0/0 9:26 0:14 0:00
Peter Harrold 0 0 0 0 0 1 0 0 1 0 0/0 11:14 0:00 0:39
Sam Gagner 1 3 4 1 0 4 1 0 0 0 14/29 17:01 4:38 0:07
Shawn Belle 0 0 0 0 0 0 1 4 1 1 0/0 20:34 3:11 5:30
Shawn Matthias 0 1 1 -1 0 2 1 0 0 0 7/20 18:11 3:26 1:52
Steven Zalewski 0 0 0 -1 2 0 0 0 0 0 1/3 6:25 0:00 0:00
Tomas Kopecky 0 0 0 -1 0 2 2 0 0 0 1/2 20:54 3:26 5:18
Zach Boychuk 0 0 0 0 4 0 1 0 1 0 0/0 9:49 0:14 0:00
Players Stats for Carnivores
Player Name G A P +/- PIM S H SB GA TA FO MP PP MP PK MP
------------------------------------------------------------------------------------
Anton Gustafsson 0 0 0 1 0 0 1 0 0 0 0/0 7:29 0:00 0:00
Billy Sweat 0 0 0 1 2 2 2 0 0 0 1/1 10:47 0:04 0:00
Blake Geoffrion 0 0 0 1 0 1 2 0 1 0 0/2 16:12 4:39 1:17
Brian Strait 0 0 0 0 0 0 0 0 0 0 0/0 4:12 0:00 0:22
Cal O'Reilly 1 1 2 1 2 5 1 0 2 0 5/10 16:37 4:40 1:27
Chris Butler 0 1 1 0 0 1 3 4 0 0 0/0 32:23 5:22 4:58
Chris Lawrence 0 0 0 1 2 0 4 0 0 0 1/1 14:43 4:30 0:00
David Schlemko 1 0 1 0 0 2 0 1 0 0 0/0 25:24 5:21 4:57
Evgeny Grachev 0 1 1 1 0 2 1 0 0 0 2/3 7:29 0:00 0:00
Ian Schultz 0 1 1 1 2 0 1 0 0 0 0/0 10:44 0:04 0:00
Jeff Tambellini 0 1 1 -2 2 3 5 0 0 0 3/12 22:47 4:56 4:36
Jeremy Welsh 0 1 1 1 0 3 1 1 0 0 2/2 9:24 0:00 1:53
Jordie Benn 0 0 0 0 0 0 3 0 0 1 0/0 10:38 0:00 1:59
Josef Melichar 0 0 0 0 0 0 0 1 0 0 0/0 0:54 0:00 0:00
Keith Aulie 0 0 0 2 6 2 2 0 0 1 0/0 23:14 4:38 1:21
Matt Cullen 1 0 1 -2 0 4 2 0 1 1 18/28 22:59 4:53 4:50
Mikael Backlund 1 0 1 1 0 4 0 1 0 0 3/5 11:15 0:16 0:15
Phil Oreskovic 0 0 0 0 0 2 3 0 0 1 0/0 23:19 3:59 2:58
Tim Conboy 0 0 0 -2 0 0 2 1 1 0 1/2 19:57 4:58 2:08
3 Stars
1 - Enver Lisin (MJM)
2 - Sam Gagner (MJM)
3 - Antoine Roussel (MJM)
Power Play
Blackdemons - 4 on 8 Attempt(s) - 50,00%
Carnivores - 1 on 7 Attempt(s) - 14,29%
Penalty Kill
Blackdemons - 6 on 7 Attempt(s) - 85,71%
- Score 0 goal in Penalty Kill
Carnivores - 4 on 8 Attempt(s) - 50,00%
- Score 0 goal in Penalty Kill
Official
Referees : McCreary Bill and Peel Tim
Linesman : Derek Nansen and Jay Sharrers
Game Notes
Josef Melichar is injured at 3:13 of 1st period (Bruised Left Foot)
Steve Mason enters game at 0:15 of 2nd period
0:45 of 3rd period - Blackdemons goal is going for a video replay. After video review, No Goal. The goalkeeper has been pushed into the net together with the puck after making a save.
Finance
Level 1 -- Attendance: 1463 (73,15%) -- Ticket Income 52 668 $
Level 2 -- Attendance: 750 (75,00%) -- Ticket Income 12 750 $
Total Attendance: 2213 (73,77%)
Total Ticket Income: 65 418 $
Other Income: 3 271 $
Total Income: 68 689 $
Blackdemons
5 vs 5 Forward
Center Left Wing Right Wing Time % Phy DF OF
1 Sam Gagner Antoine Roussel Enver Lisin 38 1 1 3
2 Shawn Matthias Curtis Glencross Tomas Kopecky 36 2 2 1
3 Marc-André Cliche Zach Boychuk Mike Duco 16 1 3 1
4 Steven Zalewski Matt Calvert Frazer Mclaren 10 1 4 0
5 vs 5 Defense
Defense Defense Time % Phy DF OF
1 Michael Kostka Jakub Kindl 35 1 3 1
2 Matt Hunwick Andrew MacDonald 30 1 3 1
3 Peter Harrold Shawn Belle 25 1 3 1
4 Matt Hunwick Jakub Kindl 10 1 4 0
PowerPlay Forward
Center Left Wing Right Wing Time % Phy DF OF
1 Sam Gagner Antoine Roussel Enver Lisin 55 1 0 4
2 Shawn Matthias Curtis Glencross Tomas Kopecky 45 2 0 3
PowerPlay Defense
Defense Defense Time % Phy DF OF
1 Michael Kostka Andrew MacDonald 60 0 2 3
2 Matt Hunwick Shawn Belle 40 0 2 3
Penalty Kill 4 Players Forward
Center Wing Time % Phy DF OF
1 Curtis Glencross Tomas Kopecky 60 1 4 0
2 Antoine Roussel Enver Lisin 40 0 4 1
Penalty Kill 4 Players Defense
Defense Defense Time % Phy DF OF
1 Matt Hunwick Shawn Belle 60 1 4 0
2 Michael Kostka Jakub Kindl 40 1 4 0
Penalty Kill - 3 Players Forward
Forward Time % Phy DF OF
1 Tomas Kopecky 60 1 4 0
2 Curtis Glencross 40 1 4 0
Penalty Kill - 3 Players Defense
Defense Defense Time % Phy DF OF
1 Matt Hunwick Shawn Belle 60 0 5 0
2 Michael Kostka Jakub Kindl 40 1 4 0
4 vs 4 Forward
Center Wing Time % Phy DF OF
1 Enver Lisin Antoine Roussel 60 0 2 3
2 Curtis Glencross Tomas Kopecky 40 2 2 1
4 vs 4 Defense
Defense Defense Time % Phy DF OF
1 Michael Kostka Andrew MacDonald 60 0 3 2
2 Peter Harrold Jakub Kindl 40 1 4 0
Last Minutes Offensive
Center Left Wing Right Wing Defense Defense
Sam Gagner Antoine Roussel Enver Lisin Michael Kostka Andrew MacDonald
Last Minutes Defensive
Center Left Wing Right Wing Defense Defense
Shawn Matthias Curtis Glencross Tomas Kopecky Matt Hunwick Jakub Kindl
Goaltenders
Starting : Kevin Weekes
Backup : Marc Denis
Extra Forwards
Normal : Zach Boychuk, Matt Calvert, Shawn Matthias - PP : Shawn Matthias, Zach Boychuk - PK : Shawn Matthias
Extra Defensemen
Normal : Peter Harrold, Shawn Belle, Jakub Kindl - PP : Jakub Kindl - PK : Andrew MacDonald, Peter Harrold
Penalty Shots
Enver Lisin, Curtis Glencross, Tomas Kopecky, Antoine Roussel, Shawn Matthias
Carnivores
5 vs 5 Forward
Center Left Wing Right Wing Time % Phy DF OF
1 Matt Cullen Jeff Tambellini Tim Conboy 40 1 2 2
2 Cal O'Reilly Blake Geoffrion Chris Lawrence 30 1 2 2
3 Mikael Backlund Billy Sweat Ian Schultz 20 1 2 2
4 Evgeny Grachev Jeremy Welsh Anton Gustafsson 10 1 2 2
5 vs 5 Defense
Defense Defense Time % Phy DF OF
1 Keith Aulie Josef Melichar 40 1 2 2
2 Chris Butler Phil Oreskovic 30 1 2 2
3 Chris Butler David Schlemko 20 1 2 2
4 Keith Aulie Phil Oreskovic 10 1 2 2
PowerPlay Forward
Center Left Wing Right Wing Time % Phy DF OF
1 Matt Cullen Jeff Tambellini Tim Conboy 60 1 2 2
2 Cal O'Reilly Blake Geoffrion Chris Lawrence 40 1 2 2
PowerPlay Defense
Defense Defense Time % Phy DF OF
1 Chris Butler Josef Melichar 60 1 2 2
2 Keith Aulie Phil Oreskovic 40 1 2 2
Penalty Kill 4 Players Forward
Center Wing Time % Phy DF OF
1 Jeff Tambellini Matt Cullen 60 1 2 2
2 Tim Conboy Cal O'Reilly 40 1 2 2
Penalty Kill 4 Players Defense
Defense Defense Time % Phy DF OF
1 Chris Butler Josef Melichar 60 1 2 2
2 Keith Aulie Phil Oreskovic 40 1 2 2
Penalty Kill - 3 Players Forward
Forward Time % Phy DF OF
1 Jeff Tambellini 60 1 2 2
2 Matt Cullen 40 1 2 2
Penalty Kill - 3 Players Defense
Defense Defense Time % Phy DF OF
1 Jordie Benn Josef Melichar 60 1 2 2
2 Keith Aulie Phil Oreskovic 40 1 2 2
4 vs 4 Forward
Center Wing Time % Phy DF OF
1 Jeff Tambellini Matt Cullen 60 1 2 2
2 Tim Conboy Cal O'Reilly 40 1 2 2
4 vs 4 Defense
Defense Defense Time % Phy DF OF
1 David Schlemko Josef Melichar 60 1 2 2
2 Keith Aulie Phil Oreskovic 40 1 2 2
Last Minutes Offensive
Center Left Wing Right Wing Defense Defense
Matt Cullen Jeff Tambellini Tim Conboy Keith Aulie Josef Melichar
Last Minutes Defensive
Center Left Wing Right Wing Defense Defense
Matt Cullen Jeff Tambellini Tim Conboy Keith Aulie Josef Melichar
Goaltenders
Starting : Corey Crawford
Backup : Steve Mason
Extra Forwards
Normal : Mikael Backlund, Billy Sweat, Jeremy Welsh - PP : Mikael Backlund, Billy Sweat - PK : Jeremy Welsh
Extra Defensemen
Normal : Chris Butler, David Schlemko, Jordie Benn - PP : Chris Butler - PK : David Schlemko, Jordie Benn
Penalty Shots
Jeff Tambellini, Matt Cullen, Tim Conboy, Cal O'Reilly, Blake Geoffrion
% Time on Ice - Blackdemons
Lines # - Real PCT - Wanted PCT - Time Play
Normal Forward
1 - 32% - 38% - 13:18
2 - 30% - 36% - 12:22
3 - 22% - 16% - 9:10
4 - 15% - 10% - 6:15
Normal Defense
1 - 38% - 35% - 15:49
2 - 32% - 30% - 13:18
3 - 25% - 25% - 10:13
4 - 4% - 10% - 1:45
PP Forward
1 - 56% - 55% - 4:38
2 - 44% - 45% - 3:40
PP Defense
1 - 62% - 60% - 5:07
2 - 38% - 40% - 3:11
PK Forward
1 - 73% - 60% - 7:06
2 - 27% - 40% - 2:34
PK Defense
1 - 57% - 60% - 5:31
2 - 43% - 40% - 4:09
PK3 Forward
1 - 0% - 60%
2 - 0% - 40%
PK3 Defense
1 - 0% - 60%
2 - 0% - 40%
44 Forward
1 - 93% - 60% - 0:53
2 - 7% - 40% - 0:04
44 Defense
1 - 100% - 60% - 0:57
2 - 0% - 40% - 0:00
Last Minute Offensive - 0:00
Last Minute Defensive - 0:00
Total
Forward - 60:00
Defense - 60:00
|
% Time on Ice - Carnivores
Lines # - Real PCT - Wanted PCT - Time Play
Normal Forward
1 - 31% - 40% - 12:41
2 - 25% - 30% - 10:14
3 - 26% - 20% - 10:41
4 - 18% - 10% - 7:29
Normal Defense
1 - 54% - 40% - 22:06
2 - 27% - 30% - 10:56
3 - 15% - 20% - 6:00
4 - 5% - 10% - 2:03
PP Forward
1 - 52% - 60% - 5:00
2 - 48% - 40% - 4:40
PP Defense
1 - 71% - 60% - 6:51
2 - 29% - 40% - 2:49
PK Forward
1 - 74% - 60% - 6:00
2 - 26% - 40% - 2:08
PK Defense
1 - 65% - 60% - 5:19
2 - 35% - 40% - 2:49
PK3 Forward
1 - 100% - 60% - 0:10
2 - 0% - 40% - 0:00
PK3 Defense
1 - 100% - 60% - 0:10
2 - 0% - 40% - 0:00
44 Forward
1 - 70% - 60% - 0:40
2 - 30% - 40% - 0:17
44 Defense
1 - 70% - 60% - 0:40
2 - 30% - 40% - 0:17
Last Minute Offensive - 0:00
Last Minute Defensive - 0:00
Total
Forward - 60:00
Defense - 60:00
|
Play by Play
1st period
0:01 of 1st period - Matt Cullen wins face-off versus Sam Gagner in neutral zone.
0:14 of 1st period - Snap shot by Enver Lisin.
0:14 of 1st period - Shot Misses the Net.
0:16 of 1st period - Snap shot by Michael Kostka.
0:16 of 1st period - Stopped by Corey Crawford without a rebound.
0:17 of 1st period - Shawn Matthias wins face-off versus Blake Geoffrion in Carnivores zone.
0:22 of 1st period - Snap shot by Curtis Glencross.
0:22 of 1st period - Shot Misses the Net.
1:26 of 1st period - Snap shot by Jeremy Welsh.
1:26 of 1st period - Shot Blocked by Michael Kostka.
2:31 of 1st period - Snap shot by Jeff Tambellini.
2:31 of 1st period - Shot Misses the Net.
3:04 of 1st period - Icing by Josef Melichar.
3:05 of 1st period - Mikael Backlund wins face-off versus Shawn Matthias in Carnivores zone.
3:07 of 1st period - Icing by Keith Aulie.
3:08 of 1st period - Billy Sweat wins face-off versus Shawn Matthias in Carnivores zone.
3:13 of 1st period - Snap shot by Curtis Glencross.
3:13 of 1st period - Shot Blocked by Josef Melichar.
3:13 of 1st period - Josef Melichar from Carnivores is injured at 3:13 of 1st period (Bruised Left Foot).
3:14 of 1st period - Matt Cullen wins face-off versus Shawn Matthias in Carnivores zone.
3:14 of 1st period - Matt Cullen is hit by Curtis Glencross.
3:29 of 1st period - Icing by David Schlemko.
3:30 of 1st period - Sam Gagner wins face-off versus Matt Cullen in Carnivores zone.
4:21 of 1st period - Slapshot by Mikael Backlund.
4:21 of 1st period - Shot Blocked by Shawn Belle.
4:23 of 1st period - Slapshot by David Schlemko.
4:23 of 1st period - Shot Misses the Net.
4:25 of 1st period - Wrist shot by David Schlemko.
4:25 of 1st period - Stopped by Kevin Weekes with a rebound.
4:42 of 1st period - Slapshot by Peter Harrold.
4:42 of 1st period - Shot Blocked by Jeremy Welsh.
4:44 of 1st period - Wrist shot by Steven Zalewski.
4:44 of 1st period - Shot Misses the Net.
4:46 of 1st period - Snap shot by Peter Harrold.
4:46 of 1st period - Stopped by Corey Crawford with a rebound.
4:48 of 1st period - Slapshot by Steven Zalewski.
4:48 of 1st period - Shot Misses the Net.
6:00 of 1st period - Icing by Jordie Benn.
6:01 of 1st period - Sam Gagner wins face-off versus Mikael Backlund in Carnivores zone.
6:17 of 1st period - Off-side.
6:18 of 1st period - Matt Cullen wins face-off versus Shawn Matthias in neutral zone.
6:27 of 1st period - Wrist shot by Curtis Glencross.
6:27 of 1st period - Stopped by Corey Crawford without a rebound.
6:28 of 1st period - Matt Cullen wins face-off versus Shawn Matthias in Carnivores zone.
7:05 of 1st period - Snap shot by Jeff Tambellini.
7:05 of 1st period - Shot Misses the Net.
7:09 of 1st period - Slapshot by Jeff Tambellini.
7:09 of 1st period - Shot Hit the Post.
7:13 of 1st period - Slapshot by Jeff Tambellini.
7:13 of 1st period - Stopped by Kevin Weekes without a rebound.
7:14 of 1st period - Sam Gagner wins face-off versus Cal O'Reilly in Blackdemons zone.
7:21 of 1st period - Snap shot by Antoine Roussel.
7:21 of 1st period - Stopped by Corey Crawford with a rebound.
7:23 of 1st period - Snap shot by Enver Lisin.
7:23 of 1st period - Deflect By Phil Oreskovic.
7:23 of 1st period - Shot Misses the Net.
7:23 of 1st period - Puck is out of play.
7:24 of 1st period - Cal O'Reilly wins face-off versus Sam Gagner in Carnivores zone.
7:24 of 1st period - Cal O'Reilly is hit by Sam Gagner.
7:32 of 1st period - Snap shot by Sam Gagner.
7:32 of 1st period - Stopped by Corey Crawford without a rebound.
7:33 of 1st period - Sam Gagner wins face-off versus Cal O'Reilly in Carnivores zone.
7:45 of 1st period - Off-side.
7:46 of 1st period - Sam Gagner wins face-off versus Matt Cullen in neutral zone.
8:08 of 1st period - Minor Penalty to Cal O'Reilly for Cross-checking.
8:09 of 1st period - Sam Gagner wins face-off versus Jeff Tambellini in Carnivores zone.
9:50 of 1st period - Shawn Matthias is hit by Jordie Benn and loses puck.
10:03 of 1st period - Antoine Roussel is hit by Blake Geoffrion and loses puck.
10:08 of 1st period - Penalty to Cal O'Reilly is over, Cal O'Reilly is back on ice.
10:14 of 1st period - Cal O'Reilly is hit by Mike Duco and loses puck.
10:23 of 1st period - Slapshot by Peter Harrold.
10:23 of 1st period - Shot Blocked by Mikael Backlund.
11:22 of 1st period - Curtis Glencross is hit by Evgeny Grachev and loses puck.
12:03 of 1st period - Snap shot by Mikael Backlund.
12:03 of 1st period - Shot Misses the Net.
12:07 of 1st period - Wrist shot by Mikael Backlund.
12:07 of 1st period - Goal by Mikael Backlund - Blackdemons : 0 - Carnivores : 1.
12:08 of 1st period - Sam Gagner wins face-off versus Matt Cullen in neutral zone.
12:14 of 1st period - Minor Penalty to Michael Kostka for Interference.
12:15 of 1st period - Curtis Glencross wins face-off versus Matt Cullen in Blackdemons zone.
12:52 of 1st period - Wrist shot by Enver Lisin.
12:52 of 1st period - Shot Hit the Post.
12:54 of 1st period - Slapshot by Jakub Kindl.
12:54 of 1st period - Stopped by Corey Crawford without a rebound.
12:55 of 1st period - Antoine Roussel wins face-off versus Cal O'Reilly in Carnivores zone.
13:18 of 1st period - Tomas Kopecky is hit by Phil Oreskovic and loses puck.
13:25 of 1st period - Tim Conboy is hit by Tomas Kopecky and loses puck.
14:14 of 1st period - Penalty to Michael Kostka is over, Michael Kostka is back on ice.
14:44 of 1st period - Slapshot by Michael Kostka.
14:44 of 1st period - Shot Misses the Net.
14:46 of 1st period - Snap shot by Shawn Matthias.
14:46 of 1st period - Shot Blocked by Chris Butler.
14:48 of 1st period - Wrist shot by Shawn Matthias.
14:48 of 1st period - Stopped by Corey Crawford without a rebound.
14:49 of 1st period - Chris Lawrence wins face-off versus Sam Gagner in Carnivores zone.
14:49 of 1st period - Chris Lawrence is hit by Antoine Roussel.
15:01 of 1st period - Snap shot by Cal O'Reilly.
15:01 of 1st period - Shot Blocked by Shawn Belle.
15:32 of 1st period - Wrist shot by Tomas Kopecky.
15:32 of 1st period - Stopped by Corey Crawford with a rebound.
15:44 of 1st period - Minor Penalty to Keith Aulie for Hooking.
15:45 of 1st period - Sam Gagner wins face-off versus Jeff Tambellini in Carnivores zone.
15:52 of 1st period - Wrist shot by Sam Gagner.
15:52 of 1st period - Goal by Sam Gagner - Blackdemons : 1 - Carnivores : 1.
15:53 of 1st period - Matt Cullen wins face-off versus Shawn Matthias in neutral zone.
15:58 of 1st period - Slapshot by Jeff Tambellini.
15:58 of 1st period - Stopped by Kevin Weekes with a rebound.
16:00 of 1st period - Wrist shot by Matt Cullen.
16:00 of 1st period - Shot Misses the Net.
16:06 of 1st period - Snap shot by Jeff Tambellini.
16:06 of 1st period - Stopped by Kevin Weekes with a rebound.
16:22 of 1st period - Slapshot by Mikael Backlund.
16:22 of 1st period - Shot Misses the Net.
16:37 of 1st period - Minor Penalty to Chris Lawrence for Holding.
16:38 of 1st period - Sam Gagner wins face-off versus Jeff Tambellini in Carnivores zone.
16:39 of 1st period - Snap shot by Enver Lisin.
16:39 of 1st period - Goal by Enver Lisin - Blackdemons : 2 - Carnivores : 1.
16:40 of 1st period - Sam Gagner wins face-off versus Matt Cullen in neutral zone.
16:45 of 1st period - Slapshot by Antoine Roussel.
16:45 of 1st period - Shot Misses the Net.
17:11 of 1st period - Backhand shot by Keith Aulie.
17:11 of 1st period - Shot Misses the Net.
17:13 of 1st period - Snap shot by Jeremy Welsh.
17:13 of 1st period - Shot Misses the Net.
17:15 of 1st period - Snap shot by Keith Aulie.
17:15 of 1st period - Deflect By Jeremy Welsh.
17:15 of 1st period - Shot Misses the Net.
17:15 of 1st period - Puck is out of play.
17:16 of 1st period - Matt Cullen wins face-off versus Tomas Kopecky in Blackdemons zone.
17:41 of 1st period - Zach Boychuk is hit by Chris Lawrence and loses puck.
17:50 of 1st period - Slapshot by Andrew MacDonald.
17:50 of 1st period - Stopped by Corey Crawford with a rebound.
18:21 of 1st period - Frazer Mclaren is hit by Billy Sweat and loses puck.
18:57 of 1st period - Slapshot by Curtis Glencross.
18:57 of 1st period - Goal by Curtis Glencross - Blackdemons : 3 - Carnivores : 1.
18:58 of 1st period - Matt Cullen wins face-off versus Sam Gagner in neutral zone.
19:33 of 1st period - Wrist shot by Billy Sweat.
19:33 of 1st period - Stopped by Kevin Weekes without a rebound.
19:34 of 1st period - Shawn Matthias wins face-off versus Matt Cullen in Blackdemons zone.
19:48 of 1st period - Slapshot by Matt Cullen.
19:48 of 1st period - Shot Hit the Post.
2nd period
0:01 of 2nd period - Matt Cullen wins face-off versus Sam Gagner in neutral zone.
0:04 of 2nd period - Michael Kostka is hit by Jeff Tambellini and loses puck.
0:11 of 2nd period - Wrist shot by Enver Lisin.
0:11 of 2nd period - Stopped by Corey Crawford with a rebound.
0:13 of 2nd period - Backhand shot by Enver Lisin.
0:13 of 2nd period - Shot Misses the Net.
0:15 of 2nd period - Wrist shot by Enver Lisin.
0:15 of 2nd period - Goal by Enver Lisin - Blackdemons : 4 - Carnivores : 1.
0:15 of 2nd period - Steve Mason enters game.
0:16 of 2nd period - Cal O'Reilly wins face-off versus Shawn Matthias in neutral zone.
0:19 of 2nd period - Michael Kostka is hit by Chris Lawrence and loses puck.
0:42 of 2nd period - Blake Geoffrion is hit by Mike Duco and loses puck.
0:54 of 2nd period - Wrist shot by Marc-André Cliche.
0:54 of 2nd period - Shot Blocked by Chris Butler.
1:12 of 2nd period - Slapshot by Sam Gagner.
1:12 of 2nd period - Stopped by Steve Mason with a rebound.
1:26 of 2nd period - Slapshot by Andrew MacDonald.
1:26 of 2nd period - Stopped by Steve Mason without a rebound.
1:27 of 2nd period - Steven Zalewski wins face-off versus Mikael Backlund in Carnivores zone.
1:34 of 2nd period - Minor Penalty to Frazer Mclaren for Hooking.
1:35 of 2nd period - Matt Cullen wins face-off versus Curtis Glencross in Blackdemons zone.
2:12 of 2nd period - Wrist shot by Antoine Roussel.
2:12 of 2nd period - Stopped by Steve Mason with a rebound.
2:51 of 2nd period - Phil Oreskovic is hit by Matt Hunwick.
3:34 of 2nd period - Penalty to Frazer Mclaren is over, Frazer Mclaren is back on ice.
4:27 of 2nd period - Enver Lisin is hit by Jeremy Welsh and loses puck.
4:40 of 2nd period - Matt Cullen is hit by Andrew MacDonald and loses puck.
4:57 of 2nd period - Michael Kostka is hit by Blake Geoffrion and loses puck.
5:33 of 2nd period - Chris Lawrence is hit by Michael Kostka and loses puck.
6:16 of 2nd period - Wrist shot by Jeremy Welsh.
6:16 of 2nd period - Stopped by Kevin Weekes without a rebound.
6:17 of 2nd period - Evgeny Grachev wins face-off versus Shawn Matthias in Blackdemons zone.
6:20 of 2nd period - Slapshot by Keith Aulie.
6:20 of 2nd period - Shot Blocked by Shawn Belle.
6:22 of 2nd period - Snap shot by Jeremy Welsh.
6:22 of 2nd period - Stopped by Kevin Weekes with a rebound.
6:24 of 2nd period - Snap shot by Jeremy Welsh.
6:24 of 2nd period - Deflect By Curtis Glencross.
6:24 of 2nd period - Stopped by Kevin Weekes without a rebound.
6:25 of 2nd period - Shawn Matthias wins face-off versus Matt Cullen in Blackdemons zone.
6:25 of 2nd period - Shawn Matthias is hit by Jeff Tambellini.
6:31 of 2nd period - Slapshot by Peter Harrold.
6:31 of 2nd period - Shot Blocked by Chris Butler.
6:37 of 2nd period - Shawn Matthias is hit by Keith Aulie.
6:56 of 2nd period - Slapshot by Keith Aulie.
6:56 of 2nd period - Stopped by Kevin Weekes without a rebound.
6:57 of 2nd period - Cal O'Reilly wins face-off versus Sam Gagner in Blackdemons zone.
7:32 of 2nd period - Wrist shot by Sam Gagner.
7:32 of 2nd period - Deflect By Jeff Tambellini.
7:32 of 2nd period - Stopped by Steve Mason with a rebound.
7:34 of 2nd period - Slapshot by Matt Hunwick.
7:34 of 2nd period - Shot Misses the Net.
7:36 of 2nd period - Wrist shot by Antoine Roussel.
7:36 of 2nd period - Deflect By Enver Lisin.
7:36 of 2nd period - Shot Misses the Net.
7:36 of 2nd period - Puck is out of play.
7:37 of 2nd period - Cal O'Reilly wins face-off versus Shawn Matthias in Carnivores zone.
7:37 of 2nd period - Cal O'Reilly is hit by Curtis Glencross.
7:40 of 2nd period - Minor Penalty to Curtis Glencross for Holding.
7:41 of 2nd period - Matt Cullen wins face-off versus Shawn Matthias in Blackdemons zone.
7:42 of 2nd period - Snap shot by Jeff Tambellini.
7:42 of 2nd period - Shot Hit the Post.
7:44 of 2nd period - Snap shot by Matt Cullen.
7:44 of 2nd period - Goal by Matt Cullen - Blackdemons : 4 - Carnivores : 2.
7:45 of 2nd period - Matt Cullen wins face-off versus Shawn Matthias in neutral zone.
7:48 of 2nd period - Michael Kostka is hit by Jeff Tambellini and loses puck.
7:53 of 2nd period - Backhand shot by Matt Cullen.
7:53 of 2nd period - Shot Blocked by Michael Kostka.
8:32 of 2nd period - Snap shot by Mikael Backlund.
8:32 of 2nd period - Shot Misses the Net.
8:34 of 2nd period - Snap shot by Chris Butler.
8:34 of 2nd period - Deflect By Michael Kostka.
8:34 of 2nd period - Stopped by Kevin Weekes with a rebound.
8:36 of 2nd period - Slapshot by Chris Butler.
8:36 of 2nd period - Deflect By Mikael Backlund.
8:36 of 2nd period - Stopped by Kevin Weekes with a rebound.
8:38 of 2nd period - Snap shot by Mikael Backlund.
8:38 of 2nd period - Stopped by Kevin Weekes with a rebound.
9:00 of 2nd period - Slapshot by Andrew MacDonald.
9:00 of 2nd period - Shot Misses the Net.
9:02 of 2nd period - Slapshot by Matt Hunwick.
9:02 of 2nd period - Stopped by Steve Mason without a rebound.
9:03 of 2nd period - Shawn Matthias wins face-off versus Tim Conboy in Carnivores zone.
9:14 of 2nd period - Slapshot by Matt Cullen.
9:14 of 2nd period - Stopped by Kevin Weekes without a rebound.
9:15 of 2nd period - Shawn Matthias wins face-off versus Matt Cullen in Blackdemons zone.
9:40 of 2nd period - Chris Butler is hit by Enver Lisin and loses puck.
9:49 of 2nd period - Wrist shot by Cal O'Reilly.
9:49 of 2nd period - Stopped by Kevin Weekes with a rebound.
10:00 of 2nd period - Off-side.
10:01 of 2nd period - Mikael Backlund wins face-off versus Marc-André Cliche in neutral zone.
10:04 of 2nd period - Michael Kostka is hit by Ian Schultz and loses puck.
10:27 of 2nd period - Billy Sweat is hit by Enver Lisin and loses puck.
10:31 of 2nd period - Minor Penalty to Ian Schultz for Roughing.
10:32 of 2nd period - Enver Lisin wins face-off versus Jeff Tambellini in Carnivores zone.
10:47 of 2nd period - Snap shot by Enver Lisin.
10:47 of 2nd period - Shot Misses the Net.
10:57 of 2nd period - Matt Cullen is hit by Shawn Matthias and loses puck.
11:08 of 2nd period - Snap shot by Matt Cullen.
11:08 of 2nd period - Stopped by Kevin Weekes without a rebound.
11:09 of 2nd period - Sam Gagner wins face-off versus Jeff Tambellini in Blackdemons zone.
11:33 of 2nd period - Minor Penalty to Matt Hunwick for Holding.
11:34 of 2nd period - Enver Lisin wins face-off versus Jeff Tambellini in Blackdemons zone.
11:56 of 2nd period - Icing by David Schlemko.
11:57 of 2nd period - Jeff Tambellini wins face-off versus Enver Lisin in Carnivores zone.
12:22 of 2nd period - Phil Oreskovic is hit by Antoine Roussel and loses puck.
12:31 of 2nd period - Penalty to Ian Schultz is over, Ian Schultz is back on ice.
12:31 of 2nd period - Slapshot by Phil Oreskovic.
12:31 of 2nd period - Stopped by Kevin Weekes without a rebound.
12:32 of 2nd period - Curtis Glencross wins face-off versus Cal O'Reilly in Blackdemons zone.
12:32 of 2nd period - Curtis Glencross is hit by Chris Butler.
12:58 of 2nd period - Curtis Glencross is hit by Tim Conboy and loses puck.
13:33 of 2nd period - Penalty to Matt Hunwick is over, Matt Hunwick is back on ice.
13:36 of 2nd period - Minor Penalty to Billy Sweat for Hooking.
13:37 of 2nd period - Jeff Tambellini wins face-off versus Sam Gagner in Carnivores zone.
14:19 of 2nd period - Icing by Curtis Glencross.
14:20 of 2nd period - Tomas Kopecky wins face-off versus Jeff Tambellini in Blackdemons zone.
14:20 of 2nd period - Tomas Kopecky is hit by Matt Cullen.
14:23 of 2nd period - Minor Penalty to Keith Aulie for High sticking.
14:24 of 2nd period - Jeff Tambellini wins face-off versus Sam Gagner in Carnivores zone.
14:31 of 2nd period - Wrist shot by Enver Lisin.
14:31 of 2nd period - Shot Blocked by David Schlemko.
14:33 of 2nd period - Slapshot by Antoine Roussel.
14:33 of 2nd period - Goal by Antoine Roussel - Blackdemons : 5 - Carnivores : 2.
14:34 of 2nd period - Sam Gagner wins face-off versus Jeff Tambellini in neutral zone.
15:52 of 2nd period - Andrew MacDonald is hit by Tim Conboy.
16:23 of 2nd period - Penalty to Keith Aulie is over, Keith Aulie is back on ice.
16:32 of 2nd period - Matt Hunwick is hit by Phil Oreskovic and loses puck.
16:36 of 2nd period - Minor Penalty to Keith Aulie for Holding.
16:37 of 2nd period - Sam Gagner wins face-off versus Jeff Tambellini in Carnivores zone.
18:36 of 2nd period - Penalty to Keith Aulie is over, Keith Aulie is back on ice.
18:44 of 2nd period - Andrew MacDonald is hit by Keith Aulie.
19:04 of 2nd period - Mike Duco is hit by Chris Butler and loses puck.
19:11 of 2nd period - Snap shot by Blake Geoffrion.
19:11 of 2nd period - Stopped by Kevin Weekes with a rebound.
19:13 of 2nd period - Snap shot by Cal O'Reilly.
19:13 of 2nd period - Shot Misses the Net.
3rd period
0:01 of 3rd period - Matt Cullen wins face-off versus Sam Gagner in neutral zone.
0:15 of 3rd period - Backhand shot by Enver Lisin.
0:15 of 3rd period - Stopped by Steve Mason with a rebound.
0:25 of 3rd period - Tomas Kopecky is hit by Chris Lawrence and loses puck.
0:30 of 3rd period - Wrist shot by Cal O'Reilly.
0:30 of 3rd period - Goal by Cal O'Reilly - Blackdemons : 5 - Carnivores : 3.
0:31 of 3rd period - Matt Cullen wins face-off versus Sam Gagner in neutral zone.
0:41 of 3rd period - Slapshot by Enver Lisin.
0:41 of 3rd period - Shot Blocked by Tim Conboy.
0:43 of 3rd period - Backhand shot by Matt Hunwick.
0:43 of 3rd period - Shot Misses the Net.
0:45 of 3rd period - Slapshot by Enver Lisin.
0:45 of 3rd period - Blackdemons goal is going for a video replay.
0:45 of 3rd period - The goal is refused. The goalkeeper has been pushed into the net together with the puck after making a save..
0:46 of 3rd period - Cal O'Reilly wins face-off versus Shawn Matthias in Carnivores zone.
0:46 of 3rd period - Cal O'Reilly is hit by Curtis Glencross.
0:52 of 3rd period - Snap shot by Blake Geoffrion.
0:52 of 3rd period - Shot Misses the Net.
0:54 of 3rd period - Snap shot by Cal O'Reilly.
0:54 of 3rd period - Stopped by Kevin Weekes with a rebound.
0:56 of 3rd period - Slapshot by Chris Butler.
0:56 of 3rd period - Shot Blocked by Curtis Glencross.
0:58 of 3rd period - Slapshot by Cal O'Reilly.
0:58 of 3rd period - Stopped by Kevin Weekes with a rebound.
1:00 of 3rd period - Slapshot by Cal O'Reilly.
1:00 of 3rd period - Stopped by Kevin Weekes without a rebound.
1:01 of 3rd period - Matt Cullen wins face-off versus Sam Gagner in Blackdemons zone.
1:16 of 3rd period - Wrist shot by Matt Cullen.
1:16 of 3rd period - Stopped by Kevin Weekes without a rebound.
1:17 of 3rd period - Shawn Matthias wins face-off versus Blake Geoffrion in Blackdemons zone.
1:17 of 3rd period - Tomas Kopecky is hit by Phil Oreskovic and loses puck.
1:26 of 3rd period - Slapshot by Matt Hunwick.
1:26 of 3rd period - Shot Misses the Net.
1:28 of 3rd period - Slapshot by Andrew MacDonald.
1:28 of 3rd period - Shot Misses the Net.
1:30 of 3rd period - Snap shot by Shawn Matthias.
1:30 of 3rd period - Stopped by Steve Mason without a rebound.
1:31 of 3rd period - Sam Gagner wins face-off versus Matt Cullen in Carnivores zone.
1:36 of 3rd period - Wrist shot by Antoine Roussel.
1:36 of 3rd period - Shot Misses the Net.
2:25 of 3rd period - Wrist shot by Billy Sweat.
2:25 of 3rd period - Stopped by Kevin Weekes with a rebound.
2:41 of 3rd period - Slapshot by Steven Zalewski.
2:41 of 3rd period - Deflect By Frazer Mclaren.
2:41 of 3rd period - Shot Blocked by Chris Butler.
2:41 of 3rd period - Puck is out of play.
2:42 of 3rd period - Matt Cullen wins face-off versus Steven Zalewski in Carnivores zone.
2:47 of 3rd period - Wrist shot by Jeff Tambellini.
2:47 of 3rd period - Shot Blocked by Shawn Belle.
3:09 of 3rd period - Enver Lisin is hit by Jordie Benn and loses puck.
3:29 of 3rd period - Jakub Kindl is hit by Jordie Benn.
3:35 of 3rd period - Snap shot by Curtis Glencross.
3:35 of 3rd period - Stopped by Steve Mason with a rebound.
3:41 of 3rd period - Keith Aulie is hit by Tomas Kopecky and loses puck.
4:32 of 3rd period - Slapshot by Tomas Kopecky.
4:32 of 3rd period - Stopped by Steve Mason with a rebound.
5:08 of 3rd period - Snap shot by Phil Oreskovic.
5:08 of 3rd period - Shot Blocked by Andrew MacDonald.
5:10 of 3rd period - Snap shot by Jeremy Welsh.
5:10 of 3rd period - Shot Misses the Net.
5:12 of 3rd period - Slapshot by Phil Oreskovic.
5:12 of 3rd period - Shot Misses the Net.
5:14 of 3rd period - Snap shot by Jeremy Welsh.
5:14 of 3rd period - Deflect By Evgeny Grachev.
5:14 of 3rd period - Stopped by Kevin Weekes with a rebound.
5:18 of 3rd period - Slapshot by Phil Oreskovic.
5:18 of 3rd period - Stopped by Kevin Weekes without a rebound.
5:19 of 3rd period - Matt Cullen wins face-off versus Sam Gagner in Blackdemons zone.
6:14 of 3rd period - Slapshot by Keith Aulie.
6:14 of 3rd period - Stopped by Kevin Weekes without a rebound.
6:15 of 3rd period - Tim Conboy wins face-off versus Steven Zalewski in Blackdemons zone.
6:16 of 3rd period - Wrist shot by Matt Cullen.
6:16 of 3rd period - Shot Misses the Net.
6:47 of 3rd period - Michael Kostka is hit by Cal O'Reilly and loses puck.
7:05 of 3rd period - Mike Duco is hit by Billy Sweat and loses puck.
7:20 of 3rd period - Shawn Belle is hit by Jeff Tambellini and loses puck.
7:27 of 3rd period - Slapshot by Matt Cullen.
7:27 of 3rd period - Shot Misses the Net.
7:29 of 3rd period - Slapshot by Tim Conboy.
7:29 of 3rd period - Shot Misses the Net.
8:21 of 3rd period - Snap shot by Billy Sweat.
8:21 of 3rd period - Shot Misses the Net.
8:25 of 3rd period - Snap shot by Mikael Backlund.
8:25 of 3rd period - Shot Misses the Net.
8:47 of 3rd period - Andrew MacDonald is hit by Anton Gustafsson and loses puck.
8:52 of 3rd period - Snap shot by Evgeny Grachev.
8:52 of 3rd period - Stopped by Kevin Weekes without a rebound.
8:53 of 3rd period - Shawn Matthias wins face-off versus Evgeny Grachev in Blackdemons zone.
9:18 of 3rd period - Tim Conboy is hit by Zach Boychuk and loses puck.
9:20 of 3rd period - Minor Penalty to Jeff Tambellini for Hooking.
9:21 of 3rd period - Jeremy Welsh wins face-off versus Sam Gagner in Carnivores zone.
9:26 of 3rd period - Snap shot by Enver Lisin.
9:26 of 3rd period - Stopped by Steve Mason without a rebound.
9:27 of 3rd period - Jeremy Welsh wins face-off versus Sam Gagner in Carnivores zone.
9:36 of 3rd period - Wrist shot by Matt Cullen.
9:36 of 3rd period - Shot Misses the Net.
9:42 of 3rd period - Slapshot by Andrew MacDonald.
9:42 of 3rd period - Goal by Andrew MacDonald - Blackdemons : 6 - Carnivores : 3.
9:43 of 3rd period - Matt Cullen wins face-off versus Sam Gagner in neutral zone.
10:50 of 3rd period - Minor Penalty to Zach Boychuk for Tripping.
10:51 of 3rd period - Curtis Glencross wins face-off versus Matt Cullen in Blackdemons zone.
12:50 of 3rd period - Penalty to Zach Boychuk is over, Zach Boychuk is back on ice.
12:59 of 3rd period - Zach Boychuk is hit by Chris Butler and loses puck.
13:22 of 3rd period - Snap shot by Mikael Backlund.
13:22 of 3rd period - Stopped by Kevin Weekes with a rebound.
13:45 of 3rd period - Matt Cullen is hit by Mike Duco.
13:55 of 3rd period - Keith Aulie is hit by Shawn Belle.
15:02 of 3rd period - Chris Butler is hit by Curtis Glencross and loses puck.
15:23 of 3rd period - Andrew MacDonald is hit by Chris Lawrence and loses puck.
15:33 of 3rd period - Minor Penalty to Steven Zalewski for Tripping.
15:34 of 3rd period - Curtis Glencross wins face-off versus Cal O'Reilly in Blackdemons zone.
15:58 of 3rd period - Shawn Belle is hit by Matt Cullen and loses puck.
16:32 of 3rd period - Shawn Belle is hit by Jeff Tambellini and loses puck.
17:33 of 3rd period - Penalty to Steven Zalewski is over, Steven Zalewski is back on ice.
18:11 of 3rd period - Wrist shot by Jeremy Welsh.
18:11 of 3rd period - Shot Misses the Net.
18:55 of 3rd period - Snap shot by Michael Kostka.
18:55 of 3rd period - Stopped by Steve Mason without a rebound.
18:56 of 3rd period - Evgeny Grachev wins face-off versus Shawn Matthias in Carnivores zone.
19:01 of 3rd period - Slapshot by David Schlemko.
19:01 of 3rd period - Goal by David Schlemko - Blackdemons : 6 - Carnivores : 4.
19:02 of 3rd period - Mikael Backlund wins face-off versus Marc-André Cliche in neutral zone.
19:21 of 3rd period - Minor Penalty to Zach Boychuk for Holding.
19:22 of 3rd period - Matt Cullen wins face-off versus Curtis Glencross in Blackdemons zone.
Output by the SimonT Hockey Simulator (STHS) for François Prévost -- Original Page W3C XHTML 1.0 Valid